cohdb
Replays
Latest Replays
All Replays
Popular Replays
Top Player Replays
Match Explorer
How It Works
Community
CoH3 Stats
Reddit
Sign in to upload your games and track your stats! →
Sign in with Steam
Match 42979183
Unlisted
Match 42979183
Overview
Messages
Build Orders
End
Kradschützen Motorcycle Team
Selects Armored Support Battlegroup
Panzerpioneer Squad
Panzergrenadier Squad
250 Light Carrier
Panzergrenadier Squad
Construct Light Support Kompanie
Selects Superior Fire Drills
Combat Half-tracks
Assault Mechanized Group
Fire Support Elements
Flakvierling Half-track
2.5-tonne Medical Truck
Panzerjäger Squad
Selects Flammpanzer III Medium Tank
Selects Salvage Kits
Flammpanzer III Medium Tank
Panzerjäger Mechanized Group
Vehicle Survival Package
Selects Command Panzer IV F Medium Tank
Command Panzer IV F Medium Tank
Flammpanzer III Medium Tank
Assault Mechanized Group
Flammpanzer III Medium Tank
Construct Panzerarmee Kommand
Panzerpioneer Squad
AI Takeover
Trion
I AM NOOB
Novacaine
Grang
0
0
Comments
sign in to comment!
No comments posted yet!